Wild vs Oilers

Created - 8 décembre 2017 at 06:19

Goals
1 2 3 T
Wild 1 1 1 3
Oilers 0 0 1 1
Shots
1 2 3 T
Wild 14 5 11 30
Oilers 9 5 12 26

1st period

1. Wild , Adam Lowry 6 (Brent Burns 14, Jonas Brodin 3) at 10:46

Penalties :
Kris Letang (MIW) for Holding (Minor) at 4:26, Ryan Suter (MIW) for Hooking (Minor) at 14:05, Nikita Zadorov (MIW) for Tripping (Minor) at 19:59

2nd period

2. Wild , Marcus Johansson 12 (Evgeny Kuznetsov 11, Jack Eichel 21) at 10:05

Penalties :
Pierre-Alexandre Parenteau (EDM) for High sticking (Minor) at 11:23, Evgeny Kuznetsov (MIW) for High sticking (Double Minor) at 11:44

3rd period

3. Oilers , Jordan Eberle 12 (Aaron Ekblad 6) at 7:00
4. Wild , Ryan Hartman 4 (Brent Burns 15, Chris Tierney 2) at 11:57

Penalties :
Nikita Zadorov (MIW) for Hooking (Minor) at 12:52

Goalie Stats

Devan Dubnyk (MIW), 25 saves from 26 shots - (0,962), W, 13-10-1, 60:00 minutes
Thomas Greiss (EDM), 27 saves from 30 shots - (0,900), L, 10-8-4, 60:00 minutes

Players Stats for Wild

Player Name              G  A  P  +/- PIM S  H  SB GA TA FO     MP     PP MP  PK MP  
------------------------------------------------------------------------------------
Adam Lowry               1  0  1   1  0   1  1  0  0  0  7/18   18:43   0:00   5:28 
Adrian Kempe             0  0  0   1  0   0  3  1  1  0  0/0    13:34   0:00   0:00 
Brent Burns              0  2  2   2  0   5  1  0  0  1  0/1    20:26   0:21   3:29 
Chris Tierney            0  1  1   1  0   0  1  1  0  1  2/4    12:24   0:00   4:21 
Christian Dvorak         0  0  0   1  0   1  0  0  0  0  0/0     6:00   0:00   0:00 
Daniel Sedin             0  0  0  -1  0   2  1  1  0  1  0/2    12:41   0:00   2:07 
Evgeny Kuznetsov         0  1  1   1  4   3  2  1  1  0  0/0    17:16   0:20   0:00 
Jack Eichel              0  1  1   1  0   2  1  0  2  0  16/31  18:22   0:21   0:28 
Joel Ward                0  0  0  -1  0   2  3  0  1  0  1/2    16:01   0:00   5:28 
John Moore               0  0  0   0  0   2  2  0  0  0  0/0    23:25   0:00   6:50 
Jonas Brodin             0  1  1   2  0   0  0  0  0  0  0/0    16:15   0:00   3:27 
Kris Letang              0  0  0  -1  2   1  0  0  0  2  0/0    19:57   0:21   0:36 
Marcus Johansson         1  0  1   1  0   5  1  0  1  1  0/1    17:53   0:21   0:00 
Martin Marincin          0  0  0   3  0   2  0  3  0  1  0/0    19:47   0:00   6:45 
Nikita Zadorov           0  0  0  -1  4   1  3  1  0  0  0/0    20:37   0:00   2:04 
Ryan Hartman             1  0  1   1  0   1  0  0  0  0  0/1     5:56   0:00   0:00 
Ryan Suter               0  0  0   0  2   0  0  1  0  1  0/0    17:21   0:00   0:05 
William Nylander         0  0  0  -1  0   2  0  0  1  0  1/4    11:22   0:00   0:00 

Players Stats for Oilers

Player Name              G  A  P  +/- PIM S  H  SB GA TA FO     MP     PP MP  PK MP  
------------------------------------------------------------------------------------
Aaron Ekblad             0  1  1  -1  0   0  0  1  0  1  0/0    27:17   6:14   0:00 
Cameron Gaunce           0  0  0   0  0   0  0  2  0  0  0/0    12:39   0:00   0:00 
Chris Kelly              0  0  0   0  0   0  0  0  0  0  0/0     3:29   0:23   0:00 
Connor McDavid           0  0  0  -2  0   5  1  0  0  0  2/5    25:04   5:27   0:21 
Corey Perry              0  0  0  -2  0   2  1  0  2  0  1/1    21:14   5:19   0:00 
Jordan Eberle            1  0  1   1  0   3  3  0  2  0  1/3    17:57   4:30   0:00 
Justin Abdelkader        0  0  0   1  0   5  2  0  0  2  0/0    17:57   4:30   0:00 
Kyle Quincey             0  0  0  -1  0   0  4  2  0  1  0/0    27:17   6:14   0:00 
Marco Scandella          0  0  0  -1  0   0  0  3  0  0  0/0    20:04   4:03   0:21 
Mikael Backlund          0  0  0   1  0   5  2  0  2  1  9/13   18:16   4:30   0:00 
Nico Hischier            0  0  0  -1  0   1  1  0  0  0  4/11   14:57   0:23   0:00 
Pierre-Alexandre Parente 0  0  0  -1  2   1  1  1  1  0  0/0    14:22   0:25   0:00 
Ryan Johansen            0  0  0  -2  0   3  1  0  0  1  20/30  21:59   5:24   0:21 
Sonny Milano             0  0  0  -1  0   1  0  2  1  0  0/1    13:05   0:00   0:00 
Tyler Motte              0  0  0   0  0   0  0  0  0  0  0/0     5:07   0:00   0:00 
Vernon Fiddler           0  0  0   0  0   0  2  0  0  0  0/0     4:33   0:00   0:00 
Vince Dunn               0  0  0   0  0   0  1  1  0  1  0/0    12:39   0:00   0:00 
Zbynek Michalek          0  0  0  -1  0   0  2  2  0  0  0/0    20:04   4:03   0:21 

3 Stars

1 - Brent Burns (MIW)
2 - Devan Dubnyk (MIW)
3 - Adam Lowry (MIW)

Power Play

Wild - 0 on 1 Attempt(s) - 0,00%
Oilers - 0 on 6 Attempt(s) - 0,00%

Penalty Kill

Wild - 6 on 6 Attempt(s) - 100,00% - Score 0 goal in Penalty Kill
Oilers - 1 on 1 Attempt(s) - 100,00% - Score 0 goal in Penalty Kill

Team Stat

Wild - Hits : 19 - Faceoff Wins : 27 - Blocked Shots : 9 - Penalty Minutes : 12
Oilers - Hits : 21 - Faceoff Wins : 37 - Blocked Shots : 14 - Penalty Minutes : 2

Official

Referees : Jon Mclsaac and Dean Morton
Linesman : Michel Cormier and Andy McElman

Game Notes

No Game Note

Finance

Level 1 -- Attendance: 4189 (69,82%) -- Ticket Income 439 845 $
Level 2 -- Attendance: 3528 (70,56%) -- Ticket Income 229 320 $
Level 3 -- Attendance: 1931 (96,55%) -- Ticket Income 73 378 $
Level 4 -- Attendance: 3065 (76,63%) -- Ticket Income 70 495 $
Luxury Box -- Attendance: 849 (84,90%) -- Ticket Income 161 310 $
Game was played at the Edmonton Coliseum.
Total Attendance: 13562 (75,34%)
Total Ticket Income: 974 348 $
Other Income: 477 431 $
Total Income: 1 451 779 $

Wild

5 vs 5 Forward 
   Center                   Left Wing                Right Wing               Time % Phy DF OF 
 1 Jack Eichel              Marcus Johansson         Evgeny Kuznetsov         40     1   2  2  
 2 Adam Lowry               Brent Burns              Adrian Kempe             30     1   2  2  
 3 William Nylander         Daniel Sedin             Joel Ward                20     1   2  2  
 4 Chris Tierney            Christian Dvorak         Ryan Hartman             10     1   2  2  

5 vs 5 Defense 
   Defense                  Defense                                           Time % Phy DF OF 
 1 Kris Letang              Nikita Zadorov                                    40     1   2  2  
 2 Ryan Suter               John Moore                                        35     1   2  2  
 3 Martin Marincin          Jonas Brodin                                      25     1   2  2  
 4 Martin Marincin          Brent Burns                                       0      1   2  2  

PowerPlay Forward 
   Center                   Left Wing                Right Wing               Time % Phy DF OF 
 1 Jack Eichel              Marcus Johansson         Evgeny Kuznetsov         60     1   2  2  
 2 Adam Lowry               Daniel Sedin             Adrian Kempe             40     1   2  2  

PowerPlay Defense
   Defense                  Defense                                           Time % Phy DF OF 
 1 Brent Burns              Kris Letang                                       60     1   2  2  
 2 Ryan Suter               John Moore                                        40     1   2  2  

Penalty Kill 4 Players Forward 
   Center                   Wing                     Time % Phy DF OF 
 1 Adam Lowry               Joel Ward                60     1   2  2  
 2 Chris Tierney            Brent Burns              40     1   2  2  

Penalty Kill 4 Players Defense
   Defense                  Defense                  Time % Phy DF OF 
 1 John Moore               Martin Marincin          60     1   2  2  
 2 Jonas Brodin             Nikita Zadorov           40     1   2  2  

Penalty Kill - 3 Players Forward 
   Forward                                           Time % Phy DF OF 
 1 Adam Lowry                                        60     1   2  2  
 2 Chris Tierney                                     40     1   2  2  

Penalty Kill - 3 Players Defense
   Defense                  Defense                  Time % Phy DF OF 
 1 Martin Marincin          Jonas Brodin             60     1   2  2  
 2 Nikita Zadorov           John Moore               40     1   2  2  

4 vs 4 Forward 
   Center                   Wing                     Time % Phy DF OF 
 1 Jack Eichel              Marcus Johansson         60     1   2  2  
 2 Evgeny Kuznetsov         Daniel Sedin             40     1   2  2  

4 vs 4 Defense
   Defense                  Defense                  Time % Phy DF OF 
 1 Brent Burns              Kris Letang              60     1   2  2  
 2 Ryan Suter               John Moore               40     1   2  2  

Last Minutes Offensive
   Center                   Left Wing                Right Wing               Defense                  Defense                  
   Jack Eichel              Marcus Johansson         Evgeny Kuznetsov         Brent Burns              Kris Letang              

Last Minutes Defensive
   Center                   Left Wing                Right Wing               Defense                  Defense                  
   Jack Eichel              Marcus Johansson         Evgeny Kuznetsov         Brent Burns              Kris Letang              

Goaltenders
Starting : Devan Dubnyk             
Backup : Anton Khudobin           

Extra Forwards
Normal : William Nylander, Joel Ward, Chris Tierney - PP : William Nylander, Joel Ward - PK : Chris Tierney
Extra Defensemen
Normal : Nikita Zadorov, Jonas Brodin, Martin Marincin - PP : Nikita Zadorov - PK : Jonas Brodin, Martin Marincin
Penalty Shots
Brent Burns, Jack Eichel, Marcus Johansson, Evgeny Kuznetsov, Daniel Sedin
Custom OT Lines Forwards
Brent Burns, Jack Eichel, Marcus Johansson, Evgeny Kuznetsov, Daniel Sedin, Adrian Kempe, Adam Lowry, William Nylander, Joel Ward, Chris Tierney
Custom OT Lines Defensemen
Brent Burns, Kris Letang, Ryan Suter, John Moore, Nikita Zadorov

Scratches
*salaire Wild* (Suspend), Lawson Crouse (Healthy), Andrej Nestrasil (Healthy), Frank Vatrano (Healthy), Scott Sabourin (Healthy)

Oilers

5 vs 5 Forward 
   Center                   Left Wing                Right Wing               Time % Phy DF OF 
 1 Ryan Johansen            Connor McDavid           Corey Perry              40     1   2  2  
 2 Mikael Backlund          Justin Abdelkader        Jordan Eberle            30     1   2  2  
 3 Nico Hischier            Pierre-Alexandre ParenteaSonny Milano             20     1   2  2  
 4 Vernon Fiddler           Tyler Motte              Connor McDavid           10     1   2  2  

5 vs 5 Defense 
   Defense                  Defense                                           Time % Phy DF OF 
 1 Aaron Ekblad             Kyle Quincey                                      40     1   2  2  
 2 Marco Scandella          Zbynek Michalek                                   30     1   2  2  
 3 Vince Dunn               Cameron Gaunce                                    20     1   2  2  
 4 Aaron Ekblad             Kyle Quincey                                      10     1   2  2  

PowerPlay Forward 
   Center                   Left Wing                Right Wing               Time % Phy DF OF 
 1 Ryan Johansen            Connor McDavid           Corey Perry              60     1   2  2  
 2 Mikael Backlund          Justin Abdelkader        Jordan Eberle            40     1   2  2  

PowerPlay Defense
   Defense                  Defense                                           Time % Phy DF OF 
 1 Aaron Ekblad             Kyle Quincey                                      60     1   2  2  
 2 Marco Scandella          Zbynek Michalek                                   40     1   2  2  

Penalty Kill 4 Players Forward 
   Center                   Wing                     Time % Phy DF OF 
 1 Connor McDavid           Ryan Johansen            60     1   2  2  
 2 Mikael Backlund          Corey Perry              40     1   2  2  

Penalty Kill 4 Players Defense
   Defense                  Defense                  Time % Phy DF OF 
 1 Aaron Ekblad             Kyle Quincey             60     1   2  2  
 2 Marco Scandella          Zbynek Michalek          40     1   2  2  

Penalty Kill - 3 Players Forward 
   Forward                                           Time % Phy DF OF 
 1 Connor McDavid                                    60     1   2  2  
 2 Ryan Johansen                                     40     1   2  2  

Penalty Kill - 3 Players Defense
   Defense                  Defense                  Time % Phy DF OF 
 1 Aaron Ekblad             Kyle Quincey             60     1   2  2  
 2 Marco Scandella          Zbynek Michalek          40     1   2  2  

4 vs 4 Forward 
   Center                   Wing                     Time % Phy DF OF 
 1 Connor McDavid           Ryan Johansen            60     1   2  2  
 2 Mikael Backlund          Corey Perry              40     1   2  2  

4 vs 4 Defense
   Defense                  Defense                  Time % Phy DF OF 
 1 Aaron Ekblad             Kyle Quincey             60     1   2  2  
 2 Marco Scandella          Zbynek Michalek          40     1   2  2  

Last Minutes Offensive
   Center                   Left Wing                Right Wing               Defense                  Defense                  
   Ryan Johansen            Connor McDavid           Corey Perry              Aaron Ekblad             Kyle Quincey             

Last Minutes Defensive
   Center                   Left Wing                Right Wing               Defense                  Defense                  
   Ryan Johansen            Connor McDavid           Corey Perry              Aaron Ekblad             Kyle Quincey             

Goaltenders
Starting : Thomas Greiss            
Backup : Antti Niemi              

Extra Forwards
Normal : Chris Kelly, Nico Hischier, Pierre-Alexandre Parenteau - PP : Chris Kelly, Nico Hischier - PK : Pierre-Alexandre Parenteau
Extra Defensemen
Normal : Vince Dunn, Cameron Gaunce, Marco Scandella - PP : Vince Dunn - PK : Cameron Gaunce, Marco Scandella
Penalty Shots
Connor McDavid, Ryan Johansen, Mikael Backlund, Corey Perry, Jordan Eberle
Custom OT Lines Forwards
Connor McDavid, Ryan Johansen, Mikael Backlund, Corey Perry, Jordan Eberle, Justin Abdelkader, Nico Hischier, Pierre-Alexandre Parenteau, Sonny Milano, Vernon Fiddler
Custom OT Lines Defensemen
Aaron Ekblad, Kyle Quincey, Marco Scandella, Zbynek Michalek, Vince Dunn

Scratches
Seth Jones (Healthy), Garrett Wilson (Healthy), Marc-Edouard Vlasic (Healthy), Andrew Rowe (Healthy), Zach Palmquist (Healthy)

% Time on Ice - Wild

Lines # - Real PCT - Wanted PCT - Time Play
Normal Forward
1 - 37% - 40% - 17:36
2 - 33% - 30% - 15:32
3 - 19% - 20% - 9:06
4 - 12% - 10% - 5:30
Normal Defense
1 - 40% - 40% - 19:11
2 - 35% - 35% - 16:51
3 - 23% - 25% - 11:04
4 - 1% - 0% - 0:38
PP Forward
1 - 100% - 60% - 0:21
2 - 0% - 40% - 0:00
PP Defense
1 - 100% - 60% - 0:21
2 - 0% - 40% - 0:00
PK Forward
1 - 72% - 60% - 7:25
2 - 28% - 40% - 2:52
PK Defense
1 - 66% - 60% - 6:45
2 - 34% - 40% - 3:32
PK3 Forward
1 - 0% - 60%
2 - 0% - 40%
PK3 Defense
1 - 0% - 60%
2 - 0% - 40%
44 Forward
1 - 76% - 60% - 1:14
2 - 24% - 40% - 0:24
44 Defense
1 - 66% - 60% - 1:05
2 - 34% - 40% - 0:33
Last Minute Offensive  - 0:00
Last Minute Defensive  - 0:00
Total
Forward - 60:00
Defense - 60:00

% Time on Ice - Oilers

Lines # - Real PCT - Wanted PCT - Time Play
Normal Forward
1 - 31% - 40% - 14:45
2 - 32% - 30% - 15:22
3 - 27% - 20% - 13:04
4 - 10% - 10% - 4:33
Normal Defense
1 - 39% - 40% - 18:31
2 - 32% - 30% - 15:06
3 - 27% - 20% - 12:39
4 - 3% - 10% - 1:28
PP Forward
1 - 56% - 60% - 5:47
2 - 44% - 40% - 4:30
PP Defense
1 - 61% - 60% - 6:14
2 - 39% - 40% - 4:03
PK Forward
1 - 100% - 60% - 0:21
2 - 0% - 40% - 0:00
PK Defense
1 - 0% - 60% - 0:00
2 - 100% - 40% - 0:21
PK3 Forward
1 - 0% - 60%
2 - 0% - 40%
PK3 Defense
1 - 0% - 60%
2 - 0% - 40%
44 Forward
1 - 84% - 60% - 1:22
2 - 16% - 40% - 0:16
44 Defense
1 - 65% - 60% - 1:04
2 - 35% - 40% - 0:34
Last Minute Offensive  - 0:00
Last Minute Defensive  - 0:00
Total
Forward - 60:00
Defense - 60:00

Play by Play

1st period


0:01 of 1st period - Jack Eichel wins face-off versus Ryan Johansen in neutral zone.
0:25 of 1st period - Adrian Kempe is hit by Jordan Eberle and loses puck.
0:34 of 1st period - Snap shot by Brent Burns.
0:34 of 1st period - Stopped by Thomas Greiss without a rebound.
0:35 of 1st period - Nico Hischier wins face-off versus Joel Ward in Oilers zone.
1:07 of 1st period - Snap shot by Connor McDavid.
1:07 of 1st period - Stopped by Devan Dubnyk without a rebound.
1:08 of 1st period - Mikael Backlund wins face-off versus Jack Eichel in Wild zone.
1:21 of 1st period - Slapshot by Mikael Backlund.
1:21 of 1st period - Shot Blocked by Martin Marincin.
1:23 of 1st period - Snap shot by Mikael Backlund.
1:23 of 1st period - Shot Misses the Net.
1:45 of 1st period - Off-side.
1:46 of 1st period - Jack Eichel wins face-off versus Nico Hischier in neutral zone.
1:53 of 1st period - Backhand shot by Marcus Johansson.
1:53 of 1st period - Shot Misses the Net.
1:55 of 1st period - Slapshot by Nikita Zadorov.
1:55 of 1st period - Stopped by Thomas Greiss with a rebound.
1:57 of 1st period - Snap shot by Kris Letang.
1:57 of 1st period - Stopped by Thomas Greiss with a rebound.
1:59 of 1st period - Slapshot by Kris Letang.
1:59 of 1st period - Shot Misses the Net.
2:17 of 1st period - Snap shot by Daniel Sedin.
2:17 of 1st period - Stopped by Thomas Greiss with a rebound.
2:39 of 1st period - Slapshot by Mikael Backlund.
2:39 of 1st period - Stopped by Devan Dubnyk without a rebound.
2:40 of 1st period - Mikael Backlund wins face-off versus Adam Lowry in Wild zone.
3:29 of 1st period - Chris Tierney is hit by Kyle Quincey and loses puck.
4:26 of 1st period - Minor Penalty to Kris Letang for Holding.
4:27 of 1st period - Ryan Johansen wins face-off versus Adam Lowry in Wild zone.
4:30 of 1st period - Wrist shot by Connor McDavid.
4:30 of 1st period - Stopped by Devan Dubnyk without a rebound.
4:31 of 1st period - Ryan Johansen wins face-off versus Adam Lowry in Wild zone.
5:10 of 1st period - John Moore is hit by Justin Abdelkader and loses puck.
6:26 of 1st period - Penalty to Kris Letang is over, Kris Letang is back on ice.
6:36 of 1st period - Sonny Milano is hit by Nikita Zadorov and loses puck.
7:54 of 1st period - Icing by John Moore.
7:55 of 1st period - Adam Lowry wins face-off versus Mikael Backlund in Wild zone.
7:55 of 1st period - Adam Lowry is hit by Zbynek Michalek.
8:25 of 1st period - Snap shot by Jack Eichel.
8:25 of 1st period - Deflect By Marcus Johansson.
8:25 of 1st period - Stopped by Thomas Greiss with a rebound.
8:27 of 1st period - Slapshot by Martin Marincin.
8:27 of 1st period - Shot Blocked by Sonny Milano.
8:48 of 1st period - Snap shot by Christian Dvorak.
8:48 of 1st period - Stopped by Thomas Greiss without a rebound.
8:49 of 1st period - Ryan Johansen wins face-off versus Jack Eichel in Oilers zone.
8:58 of 1st period - Wrist shot by Connor McDavid.
8:58 of 1st period - Stopped by Devan Dubnyk with a rebound.
9:00 of 1st period - Wrist shot by Corey Perry.
9:00 of 1st period - Stopped by Devan Dubnyk without a rebound.
9:01 of 1st period - Jack Eichel wins face-off versus Ryan Johansen in Wild zone.
9:27 of 1st period - Martin Marincin is hit by Mikael Backlund and loses puck.
9:37 of 1st period - Off-side.
9:38 of 1st period - Mikael Backlund wins face-off versus Jack Eichel in neutral zone.
10:12 of 1st period - Wrist shot by Connor McDavid.
10:12 of 1st period - Stopped by Devan Dubnyk without a rebound.
10:13 of 1st period - Jack Eichel wins face-off versus Jordan Eberle in Wild zone.
10:18 of 1st period - Snap shot by Jordan Eberle.
10:18 of 1st period - Stopped by Devan Dubnyk without a rebound.
10:19 of 1st period - Jack Eichel wins face-off versus Mikael Backlund in Wild zone.
10:44 of 1st period - Wrist shot by Brent Burns.
10:44 of 1st period - Stopped by Thomas Greiss with a rebound.
10:46 of 1st period - Wrist shot by Adam Lowry.
10:46 of 1st period - Goal by Adam Lowry - Wild : 1 - Oilers : 0.
10:47 of 1st period - Ryan Johansen wins face-off versus Jack Eichel in neutral zone.
11:31 of 1st period - Wrist shot by William Nylander.
11:31 of 1st period - Shot Misses the Net.
11:33 of 1st period - Slapshot by John Moore.
11:33 of 1st period - Deflect By Daniel Sedin.
11:33 of 1st period - Shot Blocked by Kyle Quincey.
11:33 of 1st period - Puck is out of play.
11:34 of 1st period - Nico Hischier wins face-off versus William Nylander in Oilers zone.
12:00 of 1st period - Kris Letang is hit by Zbynek Michalek and loses puck.
12:09 of 1st period - Zbynek Michalek is hit by Daniel Sedin and loses puck.
12:14 of 1st period - Snap shot by William Nylander.
12:14 of 1st period - Stopped by Thomas Greiss without a rebound.
12:15 of 1st period - Ryan Johansen wins face-off versus Jack Eichel in Oilers zone.
13:15 of 1st period - Wrist shot by Kris Letang.
13:15 of 1st period - Deflect By Jack Eichel.
13:15 of 1st period - Shot Blocked by Marco Scandella.
13:15 of 1st period - Puck is out of play.
13:16 of 1st period - Jack Eichel wins face-off versus Nico Hischier in Oilers zone.
13:17 of 1st period - Wrist shot by Marcus Johansson.
13:17 of 1st period - Shot Misses the Net.
13:19 of 1st period - Snap shot by Marcus Johansson.
13:19 of 1st period - Shot Blocked by Sonny Milano.
13:21 of 1st period - Slapshot by Evgeny Kuznetsov.
13:21 of 1st period - Stopped by Thomas Greiss with a rebound.
13:23 of 1st period - Snap shot by Evgeny Kuznetsov.
13:23 of 1st period - Shot Misses the Net.
13:27 of 1st period - Snap shot by Marcus Johansson.
13:27 of 1st period - Shot Misses the Net.
13:29 of 1st period - Slapshot by Martin Marincin.
13:29 of 1st period - Stopped by Thomas Greiss with a rebound.
13:46 of 1st period - Ryan Johansen is hit by John Moore and loses puck.
14:03 of 1st period - Wrist shot by Mikael Backlund.
14:03 of 1st period - Stopped by Devan Dubnyk with a rebound.
14:05 of 1st period - Minor Penalty to Ryan Suter for Hooking.
14:06 of 1st period - Adam Lowry wins face-off versus Ryan Johansen in Wild zone.
14:15 of 1st period - Slapshot by Joel Ward.
14:15 of 1st period - Stopped by Thomas Greiss without a rebound.
14:16 of 1st period - Adam Lowry wins face-off versus Ryan Johansen in Oilers zone.
14:21 of 1st period - Snap shot by Joel Ward.
14:21 of 1st period - Shot Blocked by Aaron Ekblad.
15:27 of 1st period - Off-side.
15:28 of 1st period - Mikael Backlund wins face-off versus Chris Tierney in neutral zone.
15:33 of 1st period - Slapshot by Jordan Eberle.
15:33 of 1st period - Shot Blocked by Chris Tierney.
15:35 of 1st period - Wrist shot by Mikael Backlund.
15:35 of 1st period - Shot Blocked by Martin Marincin.
15:37 of 1st period - Backhand shot by Marco Scandella.
15:37 of 1st period - Shot Blocked by Daniel Sedin.
15:39 of 1st period - Wrist shot by Mikael Backlund.
15:39 of 1st period - Stopped by Devan Dubnyk without a rebound.
15:40 of 1st period - Adam Lowry wins face-off versus Mikael Backlund in Wild zone.
16:05 of 1st period - Penalty to Ryan Suter is over, Ryan Suter is back on ice.
16:09 of 1st period - John Moore is hit by Pierre-Alexandre Parenteau and loses puck.
16:48 of 1st period - Wrist shot by Brent Burns.
16:48 of 1st period - Shot Blocked by Zbynek Michalek.
16:52 of 1st period - Wrist shot by Brent Burns.
16:52 of 1st period - Stopped by Thomas Greiss with a rebound.
16:54 of 1st period - Wrist shot by Ryan Suter.
16:54 of 1st period - Shot Misses the Net.
16:56 of 1st period - Slapshot by John Moore.
16:56 of 1st period - Deflect By Brent Burns.
16:56 of 1st period - Shot Misses the Net.
16:56 of 1st period - Puck is out of play.
16:57 of 1st period - Mikael Backlund wins face-off versus Jack Eichel in Oilers zone.
17:12 of 1st period - Mikael Backlund is hit by Nikita Zadorov and loses puck.
17:35 of 1st period - Wrist shot by William Nylander.
17:35 of 1st period - Stopped by Thomas Greiss without a rebound.
17:36 of 1st period - Ryan Johansen wins face-off versus Jack Eichel in Oilers zone.
17:36 of 1st period - Ryan Johansen is hit by Evgeny Kuznetsov.
17:56 of 1st period - Corey Perry is hit by Joel Ward and loses puck.
18:19 of 1st period - Jordan Eberle is hit by Adam Lowry and loses puck.
18:29 of 1st period - Icing by Kyle Quincey.
18:30 of 1st period - Chris Tierney wins face-off versus Nico Hischier in Oilers zone.
18:35 of 1st period - Wrist shot by Christian Dvorak.
18:35 of 1st period - Shot Blocked by Kyle Quincey.
19:04 of 1st period - Icing by Zbynek Michalek.
19:05 of 1st period - Ryan Johansen wins face-off versus Adam Lowry in Oilers zone.
19:16 of 1st period - Wrist shot by Connor McDavid.
19:16 of 1st period - Shot Blocked by Adrian Kempe.
19:18 of 1st period - Slapshot by Zbynek Michalek.
19:18 of 1st period - Deflect By Ryan Johansen.
19:18 of 1st period - Shot Misses the Net.
19:18 of 1st period - Puck is out of play.
19:19 of 1st period - Jack Eichel wins face-off versus Mikael Backlund in Wild zone.
19:59 of 1st period - Minor Penalty to Nikita Zadorov for Tripping.
Goals for this period are 1 for Wild vs 0 for Oilers.
Shots for this period are 14 for Wild vs 9 for Oilers.
Goals for this period are 1 for Wild vs 0 for Oilers.
Shots for this period are 14 for Wild vs 9 for Oilers.

2nd period


0:01 of 2nd period - Ryan Johansen wins face-off versus Adam Lowry in neutral zone.
0:26 of 2nd period - John Moore is hit by Justin Abdelkader and loses puck.
0:55 of 2nd period - Icing by Connor McDavid.
0:56 of 2nd period - Ryan Johansen wins face-off versus Adam Lowry in Oilers zone.
1:25 of 2nd period - Adam Lowry is hit by Corey Perry and loses puck.
1:59 of 2nd period - Penalty to Nikita Zadorov is over, Nikita Zadorov is back on ice.
2:08 of 2nd period - Wrist shot by Pierre-Alexandre Parenteau.
2:08 of 2nd period - Stopped by Devan Dubnyk with a rebound.
2:10 of 2nd period - Slapshot by Vince Dunn.
2:10 of 2nd period - Shot Misses the Net.
2:12 of 2nd period - Snap shot by Vince Dunn.
2:12 of 2nd period - Shot Blocked by Martin Marincin.
2:59 of 2nd period - Jack Eichel is hit by Kyle Quincey and loses puck.
5:51 of 2nd period - Icing by Jack Eichel.
5:52 of 2nd period - Nico Hischier wins face-off versus Jack Eichel in Wild zone.
6:13 of 2nd period - Snap shot by Daniel Sedin.
6:13 of 2nd period - Shot Blocked by Cameron Gaunce.
6:15 of 2nd period - Snap shot by William Nylander.
6:15 of 2nd period - Shot Blocked by Vince Dunn.
6:17 of 2nd period - Slapshot by John Moore.
6:17 of 2nd period - Stopped by Thomas Greiss without a rebound.
6:18 of 2nd period - Corey Perry wins face-off versus Adam Lowry in Oilers zone.
6:53 of 2nd period - Brent Burns is hit by Jordan Eberle and loses puck.
7:14 of 2nd period - Snap shot by Marcus Johansson.
7:14 of 2nd period - Shot Blocked by Marco Scandella.
7:16 of 2nd period - Slapshot by Martin Marincin.
7:16 of 2nd period - Stopped by Thomas Greiss without a rebound.
7:17 of 2nd period - Ryan Johansen wins face-off versus William Nylander in Oilers zone.
8:13 of 2nd period - Wrist shot by Jack Eichel.
8:13 of 2nd period - Shot Blocked by Cameron Gaunce.
8:15 of 2nd period - Wrist shot by John Moore.
8:15 of 2nd period - Shot Blocked by Pierre-Alexandre Parenteau.
8:17 of 2nd period - Slapshot by Ryan Suter.
8:17 of 2nd period - Shot Misses the Net.
10:05 of 2nd period - Slapshot by Marcus Johansson.
10:05 of 2nd period - Goal by Marcus Johansson - Wild : 2 - Oilers : 0.
10:06 of 2nd period - Mikael Backlund wins face-off versus Adam Lowry in neutral zone.
10:11 of 2nd period - Backhand shot by Mikael Backlund.
10:11 of 2nd period - Shot Misses the Net.
10:19 of 2nd period - Wrist shot by Jordan Eberle.
10:19 of 2nd period - Deflect By Mikael Backlund.
10:19 of 2nd period - Stopped by Devan Dubnyk with a rebound.
10:21 of 2nd period - Slapshot by Justin Abdelkader.
10:21 of 2nd period - Stopped by Devan Dubnyk without a rebound.
10:22 of 2nd period - Jack Eichel wins face-off versus Connor McDavid in Wild zone.
10:26 of 2nd period - Off-side.
10:27 of 2nd period - Jack Eichel wins face-off versus Ryan Johansen in neutral zone.
10:36 of 2nd period - Wrist shot by Marcus Johansson.
10:36 of 2nd period - Stopped by Thomas Greiss without a rebound.
10:37 of 2nd period - Jack Eichel wins face-off versus Ryan Johansen in Oilers zone.
10:46 of 2nd period - Wrist shot by Jack Eichel.
10:46 of 2nd period - Stopped by Thomas Greiss with a rebound.
11:23 of 2nd period - Minor Penalty to Pierre-Alexandre Parenteau for High sticking.
11:24 of 2nd period - Jack Eichel wins face-off versus Connor McDavid in Oilers zone.
11:44 of 2nd period - Double Minor Penalty to Evgeny Kuznetsov for High sticking.
11:45 of 2nd period - Connor McDavid wins face-off versus Jack Eichel in Wild zone.
13:21 of 2nd period - Icing by Mikael Backlund.
13:22 of 2nd period - Connor McDavid wins face-off versus Chris Tierney in Oilers zone.
13:23 of 2nd period - Penalty to Pierre-Alexandre Parenteau is over, Pierre-Alexandre Parenteau is back on ice.
13:27 of 2nd period - Wrist shot by Connor McDavid.
13:27 of 2nd period - Deflect By Ryan Johansen.
13:27 of 2nd period - Shot Blocked by Ryan Suter.
13:27 of 2nd period - Puck is out of play.
13:28 of 2nd period - Mikael Backlund wins face-off versus Daniel Sedin in Wild zone.
15:31 of 2nd period - Martin Marincin is hit by Kyle Quincey and loses puck.
15:44 of 2nd period - Penalty to Evgeny Kuznetsov is over, Evgeny Kuznetsov is back on ice.
16:13 of 2nd period - Nikita Zadorov is hit by Nico Hischier and loses puck.
17:11 of 2nd period - Mikael Backlund is hit by John Moore and loses puck.
17:35 of 2nd period - Sonny Milano is hit by Adrian Kempe and loses puck.
17:46 of 2nd period - William Nylander is hit by Vernon Fiddler and loses puck.
17:59 of 2nd period - Slapshot by Ryan Johansen.
17:59 of 2nd period - Stopped by Devan Dubnyk with a rebound.
18:11 of 2nd period - Jordan Eberle is hit by Chris Tierney and loses puck.
18:36 of 2nd period - Sonny Milano is hit by Evgeny Kuznetsov and loses puck.
18:44 of 2nd period - Icing by Pierre-Alexandre Parenteau.
18:45 of 2nd period - Adam Lowry wins face-off versus Sonny Milano in Oilers zone.
18:46 of 2nd period - Wrist shot by Brent Burns.
18:46 of 2nd period - Shot Misses the Net.
19:00 of 2nd period - Snap shot by Justin Abdelkader.
19:00 of 2nd period - Shot Misses the Net.
19:02 of 2nd period - Snap shot by Justin Abdelkader.
19:02 of 2nd period - Stopped by Devan Dubnyk without a rebound.
19:03 of 2nd period - Mikael Backlund wins face-off versus Marcus Johansson in Wild zone.
19:28 of 2nd period - Daniel Sedin is hit by Ryan Johansen and loses puck.
19:37 of 2nd period - Slapshot by Nikita Zadorov.
19:37 of 2nd period - Shot Blocked by Marco Scandella.
Goals for this period are 1 for Wild vs 0 for Oilers.
Shots for this period are 5 for Wild vs 5 for Oilers.

3rd period


0:01 of 3rd period - Ryan Johansen wins face-off versus Jack Eichel in neutral zone.
0:14 of 3rd period - Slapshot by Evgeny Kuznetsov.
0:14 of 3rd period - Deflect By Marcus Johansson.
0:14 of 3rd period - Stopped by Thomas Greiss with a rebound.
0:26 of 3rd period - Aaron Ekblad is hit by Brent Burns and loses puck.
1:15 of 3rd period - Wrist shot by Corey Perry.
1:15 of 3rd period - Stopped by Devan Dubnyk without a rebound.
1:16 of 3rd period - Jack Eichel wins face-off versus Jordan Eberle in Wild zone.
1:34 of 3rd period - Nikita Zadorov is hit by Jordan Eberle and loses puck.
1:51 of 3rd period - Wrist shot by Brent Burns.
1:51 of 3rd period - Shot Misses the Net.
1:53 of 3rd period - Snap shot by Brent Burns.
1:53 of 3rd period - Shot Misses the Net.
1:55 of 3rd period - Slapshot by Adrian Kempe.
1:55 of 3rd period - Shot Misses the Net.
2:06 of 3rd period - Off-side.
2:07 of 3rd period - William Nylander wins face-off versus Nico Hischier in neutral zone.
2:10 of 3rd period - Pierre-Alexandre Parenteau is hit by Joel Ward.
2:33 of 3rd period - Snap shot by Daniel Sedin.
2:33 of 3rd period - Stopped by Thomas Greiss without a rebound.
2:34 of 3rd period - Ryan Johansen wins face-off versus Jack Eichel in Oilers zone.
2:39 of 3rd period - Nikita Zadorov is hit by Connor McDavid and loses puck.
3:11 of 3rd period - Snap shot by Marcus Johansson.
3:11 of 3rd period - Shot Misses the Net.
3:19 of 3rd period - Wrist shot by Evgeny Kuznetsov.
3:19 of 3rd period - Stopped by Thomas Greiss with a rebound.
3:21 of 3rd period - Snap shot by Jack Eichel.
3:21 of 3rd period - Shot Misses the Net.
3:23 of 3rd period - Snap shot by Evgeny Kuznetsov.
3:23 of 3rd period - Stopped by Thomas Greiss with a rebound.
3:25 of 3rd period - Snap shot by Jack Eichel.
3:25 of 3rd period - Stopped by Thomas Greiss without a rebound.
3:26 of 3rd period - Adam Lowry wins face-off versus Ryan Johansen in Oilers zone.
3:35 of 3rd period - Snap shot by Brent Burns.
3:35 of 3rd period - Shot Misses the Net.
4:19 of 3rd period - Chris Tierney is hit by Mikael Backlund and loses puck.
4:49 of 3rd period - Icing by Nikita Zadorov.
4:50 of 3rd period - Jack Eichel wins face-off versus Nico Hischier in Wild zone.
4:55 of 3rd period - Snap shot by Nico Hischier.
4:55 of 3rd period - Stopped by Devan Dubnyk without a rebound.
4:56 of 3rd period - Jack Eichel wins face-off versus Nico Hischier in Wild zone.
5:03 of 3rd period - Nico Hischier is hit by Jack Eichel and loses puck.
5:22 of 3rd period - Snap shot by Sonny Milano.
5:22 of 3rd period - Stopped by Devan Dubnyk without a rebound.
5:23 of 3rd period - Ryan Johansen wins face-off versus Adam Lowry in Wild zone.
5:24 of 3rd period - Wrist shot by Connor McDavid.
5:24 of 3rd period - Stopped by Devan Dubnyk without a rebound.
5:25 of 3rd period - Adam Lowry wins face-off versus Ryan Johansen in Wild zone.
5:30 of 3rd period - Connor McDavid is hit by Nikita Zadorov and loses puck.
5:39 of 3rd period - Icing by Brent Burns.
5:40 of 3rd period - Ryan Johansen wins face-off versus Adam Lowry in Wild zone.
6:07 of 3rd period - Nikita Zadorov is hit by Kyle Quincey and loses puck.
6:16 of 3rd period - Wrist shot by Brent Burns.
6:16 of 3rd period - Stopped by Thomas Greiss with a rebound.
6:18 of 3rd period - Snap shot by Brent Burns.
6:18 of 3rd period - Shot Misses the Net.
6:20 of 3rd period - Slapshot by John Moore.
6:20 of 3rd period - Stopped by Thomas Greiss without a rebound.
6:21 of 3rd period - Ryan Johansen wins face-off versus Jack Eichel in Oilers zone.
6:21 of 3rd period - Ryan Johansen is hit by Marcus Johansson.
6:31 of 3rd period - Wrist shot by Connor McDavid.
6:31 of 3rd period - Shot Hit the Post.
6:52 of 3rd period - Slapshot by Jordan Eberle.
6:52 of 3rd period - Stopped by Devan Dubnyk without a rebound.
6:53 of 3rd period - Jordan Eberle wins face-off versus William Nylander in Wild zone.
7:00 of 3rd period - Wrist shot by Jordan Eberle.
7:00 of 3rd period - Goal by Jordan Eberle - Wild : 2 - Oilers : 1.
7:01 of 3rd period - Jack Eichel wins face-off versus Connor McDavid in neutral zone.
8:56 of 3rd period - Slapshot by Brent Burns.
8:56 of 3rd period - Stopped by Thomas Greiss with a rebound.
9:10 of 3rd period - John Moore is hit by Vince Dunn and loses puck.
9:39 of 3rd period - Snap shot by Sonny Milano.
9:39 of 3rd period - Shot Blocked by Evgeny Kuznetsov.
10:34 of 3rd period - Snap shot by Marcus Johansson.
10:34 of 3rd period - Stopped by Thomas Greiss with a rebound.
10:52 of 3rd period - Kyle Quincey is hit by Joel Ward.
10:58 of 3rd period - Joel Ward is hit by Vernon Fiddler and loses puck.
11:11 of 3rd period - Wrist shot by Brent Burns.
11:11 of 3rd period - Shot Misses the Net.
11:49 of 3rd period - Icing by Nico Hischier.
11:50 of 3rd period - Chris Tierney wins face-off versus Nico Hischier in Oilers zone.
11:57 of 3rd period - Slapshot by Ryan Hartman.
11:57 of 3rd period - Goal by Ryan Hartman - Wild : 3 - Oilers : 1.
11:58 of 3rd period - Ryan Johansen wins face-off versus Jack Eichel in neutral zone.
12:27 of 3rd period - Wrist shot by Justin Abdelkader.
12:27 of 3rd period - Stopped by Devan Dubnyk without a rebound.
12:28 of 3rd period - Mikael Backlund wins face-off versus Brent Burns in Wild zone.
12:33 of 3rd period - Wrist shot by Justin Abdelkader.
12:33 of 3rd period - Stopped by Devan Dubnyk with a rebound.
12:35 of 3rd period - Slapshot by Marco Scandella.
12:35 of 3rd period - Shot Blocked by Nikita Zadorov.
12:37 of 3rd period - Snap shot by Justin Abdelkader.
12:37 of 3rd period - Stopped by Devan Dubnyk with a rebound.
12:39 of 3rd period - Wrist shot by Mikael Backlund.
12:39 of 3rd period - Stopped by Devan Dubnyk without a rebound.
12:40 of 3rd period - Ryan Johansen wins face-off versus Jack Eichel in Wild zone.
12:49 of 3rd period - Snap shot by Connor McDavid.
12:49 of 3rd period - Deflect By Corey Perry.
12:49 of 3rd period - Shot Hit the Post.
12:49 of 3rd period - Puck is out of play.
12:50 of 3rd period - Jack Eichel wins face-off versus Ryan Johansen in Wild zone.
12:52 of 3rd period - Minor Penalty to Nikita Zadorov for Hooking.
12:53 of 3rd period - Ryan Johansen wins face-off versus Adam Lowry in Wild zone.
12:57 of 3rd period - Snap shot by Ryan Johansen.
12:57 of 3rd period - Stopped by Devan Dubnyk without a rebound.
12:58 of 3rd period - Joel Ward wins face-off versus Ryan Johansen in Wild zone.
14:52 of 3rd period - Penalty to Nikita Zadorov is over, Nikita Zadorov is back on ice.
17:21 of 3rd period - Slapshot by Joel Ward.
17:21 of 3rd period - Shot Blocked by Zbynek Michalek.
17:53 of 3rd period - Snap shot by William Nylander.
17:53 of 3rd period - Deflect By Joel Ward.
17:53 of 3rd period - Stopped by Thomas Greiss without a rebound.
17:54 of 3rd period - Nico Hischier wins face-off versus Ryan Hartman in Oilers zone.
18:22 of 3rd period - Off-side.
18:23 of 3rd period - Ryan Johansen wins face-off versus Jack Eichel in neutral zone.
18:36 of 3rd period - Backhand shot by Ryan Johansen.
18:36 of 3rd period - Stopped by Devan Dubnyk without a rebound.
18:37 of 3rd period - Ryan Johansen wins face-off versus Daniel Sedin in Wild zone.
19:25 of 3rd period - Connor McDavid is hit by Adrian Kempe and loses puck.
19:44 of 3rd period - Chris Kelly is hit by Adrian Kempe and loses puck.
Goals for this period are 1 for Wild vs 1 for Oilers.
Shots for this period are 11 for Wild vs 12 for Oilers.